 Dungeon Crawl Stone Soup version 0.31-a0-4-gefa6de2278 (webtiles) character file.

Game seed: 16858981892483541081

105 retardedninja the Firebug (level 4, 0/32 HPs)
             Began as a Gnoll Fire Elementalist on May 4, 2023.
             Slain by an orc
             ... wielding a +0 dagger
              (3 damage)
             ... on level 3 of the Dungeon.
             The game lasted 00:02:25 (2345 turns).

retardedninja the Firebug (Gnoll Fire Elementalist) Turns: 2345, Time: 00:02:25

Health: 0/32       AC:  2    Str:  7    XL:     4   Next: 81%
Magic:  5/11       EV: 13    Int: 16    God:
Gold:   65         SH:  0    Dex: 13    Spells: 12/13 levels left

rFire   . . .        f - +0 mace
rCold   . . .        (no shield)
rNeg    . . .        a - +0 robe
rPois   .            (no helmet)
rElec   .            (no cloak)
rCorr   .            (no gloves)
SInv    .            (no boots)
Will    .....        (no amulet)
Stlth   +++          (no ring)
HPRegen 0.25/turn    (no ring)
MPRegen 0.12/turn

%: no passive effects
@: no status effects
A: fangs 1, strong nose, distributed training
a: no special abilities


You were on level 3 of the Dungeon.
You visited 1 branch of the dungeon, and saw 4 of its levels.

You collected 65 gold pieces.

Inventory:

Hand Weapons
 f - a +0 mace (weapon)
Armour
 a - a +0 robe (worn)
Jewellery
 i - a ring of protection from fire
Scrolls
 c - 3 scrolls of noise {unknown}
 g - 3 scrolls of amnesia {unknown}
 k - a scroll of teleportation {unknown}
Potions
 b - a potion of magic
 d - a potion of mutation {unknown}
 e - a potion of berserk rage {unknown}
 h - a potion of haste {unknown}
 j - a potion of attraction {unknown}


   Skills:
 + Level 1.3 Fighting
 + Level 1.3 Short Blades
 + Level 1.3 Long Blades
 + Level 1.3 Axes
 + Level 1.3 Maces & Flails
 + Level 1.3 Polearms
 + Level 1.3 Staves
 + Level 1.3 Ranged Weapons
 + Level 1.3 Throwing
 + Level 1.3 Armour
 + Level 4.7 Dodging
 + Level 4.3 Stealth
 + Level 1.3 Shields
 + Level 1.3 Unarmed Combat
 + Level 5.1 Spellcasting
 + Level 2.3 Conjurations
 + Level 1.0 Hexes
 + Level 1.0 Summonings
 + Level 1.0 Necromancy
 + Level 1.0 Translocations
 + Level 1.0 Transmutations
 + Level 5.5 Fire Magic
 + Level 1.0 Ice Magic
 + Level 1.0 Air Magic
 + Level 1.0 Earth Magic
 + Level 1.0 Poison Magic
 + Level 1.4 Invocations
 + Level 1.3 Evocations


You had 12 spell levels left.
You knew the following spells:

 Your Spells              Type           Power      Damage    Failure   Level
a - Foxfire               Conj/Fire      64%        2x1d7     3%          1

Your spell library contained the following spells:

 Spells                   Type           Power      Damage    Failure   Level
 Scorch                   Fire           42%        2d7       2%          2
 Inner Flame              Hex/Fire       14%        N/A       12%         3
 Volatile Blastmotes      Fire/Tloc      28%        2d12      12%         3
 Flame Wave               Conj/Fire      16%        2d7       30%         4


Dungeon Overview and Level Annotations

Branches:
Dungeon (4/15)
 Temple: D:4-7

Altars:

Shops:
D:2 =


Innate Abilities, Weirdness & Mutations

You have very sharp teeth.
Your uncanny sense of smell can sniff out nearby items.
Your experience applies equally to all skills.


Message History

Press: ? - help, Q - select action Dir - look around, f - activate You conjure some foxfire!
The orc priest calls upon Beogh to heal the orc.
The orc's wounds heal themselves!
The foxfire hits the orc priest.
The orc priest is moderately wounded.
The foxfire hits the orc.
The orc is severely wounded.
The orc closely misses you. The orc hits you but does no damage.
Casting: Foxfire (safe; 3% risk of failure)
Press: ? - help, Q - select action Dir - look around, f - activate You conjure some foxfire!
The orc barely misses you. x2
The orc priest hits you but does no damage.
The foxfire hits the orc!
You kill the orc!
The foxfire hits the orc.
The orc is heavily wounded.
The orc hits you with a +0 dagger. The orc priest barely misses you.
Casting: Foxfire (safe; 3% risk of failure)
Press: ? - help, Q - select action Dir - look around, f - activate You conjure some foxfire!
The orc priest hits you with a +0 dagger.
The orc priest hits you with a +0 club. The orc hits you with a +0 dagger.
The foxfire hits the orc priest.
The orc priest is severely wounded.
The foxfire hits the orc priest.
The orc priest is severely wounded.
The orc priest barely misses you.
The orc priest invokes the aid of Beogh against you.
Pain shoots through your body!
* * * LOW HITPOINT WARNING * * *
The orc barely misses you.
The orc priest hits you but does no damage.
The orc priest begins to cast a cantrip, but forgets the words!
The orc completely misses you.
Casting: Foxfire (safe; 3% risk of failure)
Press: ? - help, Q - select action Dir - look around, f - activate You conjure some foxfire!
The orc hits you with a +0 dagger.
You die...

##..)............#
.................#
##...[...........#
##.......#.......##
.....†............#
#.........<......##
...##.#..........#
##.##..........vv#
#.###.........o@#
#.##..........oo#
#.##.##........o#
#.... #.........#
..>.. ............
#######.>.........
#........?.§
..........


You could see 2 orc priests and 2 orcs.

Vanquished Creatures
  3 adders
  A worm (D:2)
  A dart slug (D:3)
  An orc (D:3)
  9 endoplasms
  4 giant cockroaches
  5 goblins
  7 hobgoblins
  4 jackals
  5 quokkas
  4 ball pythons
  8 bats
  2 frilled lizards
  5 kobolds
  4 rats
63 creatures vanquished.

Vanquished Creatures (others)
  307 foxfires
307 creatures vanquished.

Grand Total: 370 creatures vanquished

Notes
Turn   | Place    | Note
-------+----------+-------------------------------------------
     0 | D:1      | retardedninja the Gnoll Fire Elementalist began the quest
                  | for the Orb.
     0 | D:1      | Reached XP level 1. HP: 13/13 MP: 6/6
   241 | D:1      | Reached XP level 2. HP: 19/19 MP: 4/7
   731 | D:1      | Reached skill level 5 in Spellcasting
   731 | D:1      | Reached XP level 3. HP: 25/25 MP: 3/9
   897 | D:1      | Reached skill level 1 in Invocations
  1402 | D:2      | Reached skill level 1 in Fighting
  1402 | D:2      | Reached skill level 1 in Short Blades
  1402 | D:2      | Reached skill level 1 in Long Blades
  1402 | D:2      | Reached skill level 1 in Axes
  1402 | D:2      | Reached skill level 1 in Maces & Flails
  1402 | D:2      | Reached skill level 1 in Polearms
  1402 | D:2      | Reached skill level 1 in Staves
  1402 | D:2      | Reached skill level 1 in Ranged Weapons
  1402 | D:2      | Reached skill level 1 in Throwing
  1402 | D:2      | Reached skill level 1 in Armour
  1402 | D:2      | Reached skill level 1 in Shields
  1402 | D:2      | Reached skill level 1 in Unarmed Combat
  1402 | D:2      | Reached skill level 1 in Evocations
  1754 | D:2      | Reached XP level 4. HP: 32/32 MP: 7/11
  1807 | D:2      | Found Ucam's Jewellery Shop.
  1823 | D:2      | You fall into a shaft and drop 2 floors!
  1942 | D:4      | Reached skill level 1 in Hexes
  1942 | D:4      | Reached skill level 1 in Summonings
  1942 | D:4      | Reached skill level 1 in Necromancy
  1942 | D:4      | Reached skill level 1 in Translocations
  1942 | D:4      | Reached skill level 1 in Transmutations
  1942 | D:4      | Reached skill level 1 in Ice Magic
  1942 | D:4      | Reached skill level 1 in Air Magic
  1942 | D:4      | Reached skill level 1 in Earth Magic
  1942 | D:4      | Reached skill level 1 in Poison Magic
  2013 | D:4      | Noticed a scorpion
  2345 | D:3      | Slain by an orc

Illustrated notes

Levels and vault maps discovered:
D:1:      dpeg_arrival_concentric_ovals, layout_basic, reono_crystal_passage,
          chequers_garden, minmay_misc_feat_square, st_stairs_14
D:2:      layout_rooms, serial_shops, nicolae_shop_crystal,
          minmay_close_crescents
D:3:      layout_rooms, okawaru_ov_weapons_minmay, kennysheep_another_room
D:4:      layout_cave_pools, fedhas_altar_4, grunt_gozag_statues,
          dk_yredelemnul_ordeal, minmay_fire_ice_demons, uniq_ijyb

Skill      XL: |  1  2  3  4 |
---------------+-------------+-----
Conjurations   | 2 |  2.3
Spellcasting   | 5 |  5.1
Invocations    | 1 |  1.4
Fighting       | 1 |  1.3
Short Blades   | 1 |  1.3
Long Blades    | 1 |  1.3
Axes           | 1 |  1.3
Maces & Flails | 1 |  1.3
Polearms       | 1 |  1.3
Staves         | 1 |  1.3
Ranged Weapons | 1 |  1.3
Throwing       | 1 |  1.3
Armour         | 1 |  1.3
Shields        | 1 |  1.3
Unarmed Combat | 1 |  1.3
Evocations     | 1 |  1.3
Hexes          | 1 |  1.0
Summonings     | 1 |  1.0
Necromancy     | 1 |  1.0
Translocations | 1 |  1.0
Transmutations | 1 |  1.0
Ice Magic      | 1 |  1.0
Air Magic      | 1 |  1.0
Earth Magic    | 1 |  1.0
Poison Magic   | 1 |  1.0
Dodging        | |  4.7
Stealth        | |  4.3
Fire Magic     | |  5.5

Action                     |  1- 3 |  4- 6 || total
---------------------------+-------+-------++-------
  Melee: Unarmed           |     1 |       ||     1
   Cast: Foxfire           |   115 |    55 ||   170
 Armour: Robe              |     2 |     3 ||     5
  Dodge: Dodged            |    10 |     7 ||    17

Table legend: (Time is in decaauts)
 A = Elapsed time spent in this place.
 B = Non-inter-level travel time spent in this place.
 C = Inter-level travel time spent in this place.
 D = Time resting spent in this place.
 E = Time spent auto-exploring this place.
 F = Levels seen in this place.
 G = Mean time per level.
                   A        B        C        D        E       F      G
               +--------+--------+--------+--------+--------+-----+--------+
         Total |   2343 |   2318 |     25 |      0 |   1858 |   4 |  585.8 |
       Dungeon |   2343 |   2318 |     25 |      0 |   1858 |   4 |  585.8 |
               +--------+--------+--------+--------+--------+-----+--------+

Top non-repeatable levels by time:
     D:1: 1314 daAuts
     D:2: 508 daAuts
     D:3: 328 daAuts
     D:4: 192 daAuts
